 Dungeon Crawl Stone Soup version 0.20.0-10-g0535bb4 (webtiles) character file.

133 anfisbena the Skirmisher (level 4, 0/37 HPs)
             Began as a Demonspawn Abyssal Knight on June 5, 2017.
             Was a Believer of Lugonu.
             Slain by a gnoll
             ... wielding a +0 flail
              (6 damage)
             ... on level 2 of the Dungeon.
             The game lasted 00:01:22 (2854 turns).

anfisbena the Skirmisher (DsAK)                     Turns: 2854, Time: 00:01:23

Health: 0/37       AC:  3    Str: 12    XL:     4   Next: 93%
Magic:  5/5        EV: 11    Int: 13    God:    Lugonu [**....]
Gold:   84         SH:  0    Dex: 14    Spells: 3/3 levels left

rFire    . . .     SeeInvis .   o - +2 dagger (venom)
rCold    . . .     Gourm    .   (no shield)
rNeg     . . .     Faith    .   b - +0 leather armour
rPois    .         Spirit   .   (helmet restricted)
rElec    .         Reflect  .   (no cloak)
rCorr    .         Harm     .   (no gloves)
MR       .....                  (no boots)
Stlth    +.........             (no amulet)
Regen    0.2/turn               (no ring)
MPRegen  0.1/turn               (no ring)

@: no status effects
A: horns 1
a: Depart the Abyss, Bend Space, Renounce Religion


You were on level 2 of the Dungeon.
You worshipped Lugonu.
Lugonu was pleased with you.
You were not hungry.

You visited 1 branch of the dungeon, and saw 2 of its levels.
You visited the Abyss 1 time.

You collected 84 gold pieces.

Inventory:

Hand Weapons
 a - a +1 falchion
 o - a +2 dagger of venom (weapon)
Armour
 b - a +0 leather armour (worn)
Jewellery
 h - a +1 ring of evasion {unknown}
 l - a cursed amulet of regeneration {unknown}
Scrolls
 e - a scroll of magic mapping {unknown}
 i - a scroll of immolation {unknown}
 j - a scroll of enchant armour {unknown}
 k - a scroll of identify {unknown}
Potions
 g - a potion of might {unknown}
 n - 2 potions of flight {unknown}
Comestibles
 c - 3 bread rations
 d - 3 meat rations
 f - 5 chunks of flesh
 m - a royal jelly


   Skills:
 + Level 4.0 Fighting
 * Level 4.0 Long Blades
 - Level 1.7 Armour
 - Level 0.8 Dodging
 - Level 2.4 Invocations


You had 3 spell levels left.
You didn't know any spells.

Dungeon Overview and Level Annotations

Branches:
Dungeon (2/15)

Altars:


Innate Abilities, Weirdness & Mutations

You have a pair of small horns on your head.


Message History

* * * LOW HITPOINT WARNING * * *
You hit the gnoll.
You kill the gnoll!
Lugonu accepts your kill.
Your Fighting skill increases to level 4!
Your Long Blades skill increases to level 4!
You hit the gnoll.
You headbutt the gnoll, but do no damage.
The gnoll is moderately wounded.
The gnoll barely misses you.
You closely miss the gnoll.
The gnoll is moderately wounded.
You hit the gnoll.
The gnoll is poisoned.
Your headbutt misses the gnoll.
The gnoll is heavily wounded.
The gnoll hits you but does no damage.
You hit the gnoll.
The gnoll looks as sick as possible!
You headbutt the gnoll, but do no damage.
The gnoll is severely wounded.
The gnoll hits you with a flail.
You die...

##...#######...###########..###.
##..'..........................
#..#######........#######.###.
#### #####........#######.# #.
#...#...###..........# #.
#...##### #..........# #. #...#
#).........# #. #
.#####...#######..........# #. .
......).....g@............###. #
.........#######..........#...
.........# ##.#######.#.## #
.........###### #..# #.#.#. #
######...'....# ##.# #.#... #
##...##...# #.# #.#... #
#...#<#...# #.## ##.#.). #
#.#.......####..####...... #
#.#.....................#.


You could see a gnoll.

Vanquished Creatures
  3 gnolls (D:2)
  6 adders
  2 dart slugs (D:1)
  A leopard gecko (D:1)
  A giant cockroach (D:1)
  6 goblins
  6 hobgoblins
  4 jackals (D:1)
  4 kobolds
  A quokka (D:2)
  6 bats
  3 frilled lizards
  3 rats
46 creatures vanquished.

Notes
Turn   | Place    | Note
-------+----------+-------------------------------------------
     0 | Abyss:1  | anfisbena the Demonspawn Abyssal Knight began the quest for the Orb.
     0 | Abyss:1  | Reached XP level 1. HP: 18/18 MP: 2/2
    40 | Abyss:1  | Noticed a ynoxinul
    49 | D:1      | Escaped the Abyss
   522 | D:1      | Gained mutation: You have a pair of small horns on your head. [demonic ancestry]
   522 | D:1      | Reached XP level 2. HP: 16/24 MP: 3/3
   955 | D:1      | Reached * piety under Lugonu
  1275 | D:1      | Reached XP level 3. HP: 29/29 MP: 4/4
  2277 | D:2      | Reached XP level 4. HP: 35/35 MP: 5/5
  2834 | D:2      | Reached ** piety under Lugonu
  2854 | D:2      | Slain by a gnoll

Skill      XL: |  1  2  3  4 |
---------------+-------------+-----
Long Blades    | 2 3 4 |  4.0
Fighting       | 4 |  4.0
Armour         | |  1.7
Dodging        | |  0.8
Invocations    | |  2.4

Action                   |  1- 3 |  4- 6 || total
-------------------------+-------+-------++-------
Melee: Falchion          |    79 |    10 ||    89
       Headbutt          |    12 |    13 ||    25
       Dagger            |       |    31 ||    31
Invok: Depart the Abyss  |     1 |       ||     1
 Stab: Sleeping          |     1 |       ||     1
  Eat: Chunk             |     4 |     2 ||     6
Armor: Leather armour    |    20 |     2 ||    22
Dodge: Dodged            |    57 |    21 ||    78
       Rpst.: Falchion   |    21 |     1 ||    22
